 Dungeon Crawl Stone Soup version 0.26-a0-708-g17f3b190f9 (webtiles) character file.

Game seed: 8705404797017008420

173971 robertstho the Sage (level 18, -7/140 HPs)
             Began as a Gnoll Ice Elementalist on Oct 27, 2020.
             Was a High Priest of Sif Muna.
             Mangled by a naga warrior
             ... wielding a +0 battleaxe
              (11 damage)
             ... on level 4 of the Snake Pit.
             The game lasted 02:14:43 (52687 turns).

robertstho the Sage (Gnoll Ice Elementalist)       Turns: 52687, Time: 02:14:45

Health: -7/140     AC: 11    Str: 11    XL:     18   Next: 6%
Magic:  9/34       EV: 19    Int: 32    God:    Sif Muna [*****.]
Gold:   3601       SH:  5    Dex: 16    Spells: 4/42 levels left

rFire    + + .     SeeInvis +   l - +12 glaive of Prune {vorpal}
rCold    . . .     Faith    .   (shield currently unavailable)
rNeg     + . .     Spirit   .   I - +0 robe "Affudghe" {*Contam rF+ rN+}
rPois    +         Reflect  +   x - +1 hat {SInv}
rElec    +         Harm     .   S - +1 cloak {rCorr}
rCorr    +         Rampage  .   d - +0 pair of gloves
MR       +....                  Y - +2 pair of boots of the Elven Halls {rElec Str-4 Int+8}
Stlth    +++++.....             A - amulet of reflection
HPRegen  0.33/turn              u - ring of poison resistance
MPRegen  0.24/turn              B - ring of Helinoch {rF+ Str+3 Slay+3}

@: lethally poisoned (-7 -> -8), frozen ramparts, constricted
A: distributed training, fangs 1, strong nose
a: Channel Magic, Forget Spell, Divine Exegesis, Renounce Religion


You were on level 4 of the Snake Pit.
You worshipped Sif Muna.
Sif Muna was extremely pleased with you.
You visited 6 branches of the dungeon, and saw 31 of its levels.
You also visited: Volcano.

You collected 4067 gold pieces.
You spent 466 gold pieces at shops.

Inventory:

Hand Weapons
 l - the +12 glaive of Prune (weapon) {vorpal}
   (You found it on level 14 of the Dungeon)

   It inflicts extra damage upon your enemies.
 U - a +2 executioner's axe of flaming
 Z - the +9 hand crossbow of Cithro Hoock {flame, rPois rC+ Int-2}
   (You acquired it on level 2 of the Orcish Mines)

   It causes projectiles fired from it to burn those they strike, causing extra
   injury to most foes and up to half again as much damage against particularly
   susceptible opponents.
   It affects your intelligence (-2).
   It protects you from cold.
   It protects you from poison.
Missiles
 n - 403 bolts
 D - 70 poisoned darts (quivered)
Armour
 d - a +0 pair of gloves (worn)
 x - a +1 hat of see invisible (worn)
 I - the +0 robe "Affudghe" (worn) {*Contam rF+ rN+}
   (You found it on level 7 of the Dungeon)

   It protects you from fire.
   It protects you from negative energy.
   It causes magical contamination when unequipped.
 S - a +1 cloak of preservation (worn)
 Y - the +2 pair of boots of the Elven Halls (worn) {rElec Str-4 Int+8}
   (You found it in a volcano)

   It affects your strength (-4).
   It affects your intelligence (+8).
   It insulates you from electricity.
Jewellery
 j - a +4 ring of protection
 o - the ring of Intercession {+Blink rF+ Str+6 Dex+4}
   (You acquired it on level 2 of the Orcish Mines)

   [ring of strength]

   It affects your strength (+6).
   It affects your dexterity (+4).
   It protects you from fire.
   It lets you blink.
 u - a ring of poison resistance (left hand)
 v - a +6 ring of intelligence
 A - an amulet of reflection (around neck)
 B - the ring of Helinoch (right hand) {rF+ Str+3 Slay+3}
   (You found it on level 13 of the Dungeon)

   [ring of protection from fire]

   It affects your strength (+3).
   It affects your accuracy and damage with ranged weapons and melee attacks
   (+3).
   It protects you from fire.
 E - an uncursed ring of resist corrosion
 G - an uncursed ring of magical power
 H - an uncursed amulet of regeneration
 L - an uncursed amulet of magic regeneration
 Q - an uncursed ring of flight
 V - an uncursed ring of wizardry
 X - an uncursed ring of positive energy
Wands
 a - a wand of iceblast (18)
 i - a wand of enslavement (8)
 w - a wand of acid (28)
 N - a wand of digging (1)
 P - a wand of disintegration (37)
Scrolls
 c - 19 scrolls of remove curse
 e - 3 scrolls of enchant weapon
 g - 3 scrolls of immolation
 m - 15 scrolls of teleportation
 r - 9 scrolls of magic mapping
 s - 5 scrolls of fog
 y - 5 scrolls of enchant armour
 z - 8 scrolls of fear
 C - 2 scrolls of holy word
 F - a scroll of silence
 W - 7 scrolls of identify
Potions
 b - a potion of heal wounds
 f - 2 potions of berserk rage
 k - 3 potions of haste
 p - 3 potions of cancellation
 q - 4 potions of ambrosia
 t - a potion of curing
 K - 2 potions of magic
 M - 2 potions of invisibility
 O - 4 potions of stabbing
 R - 4 potions of mutation
 T - 2 potions of brilliance
Miscellaneous
 h - a phantom mirror
 J - a condenser vane (2/2)


   Skills:
 + Level 11.9 Fighting
 + Level 11.9 Short Blades
 + Level 11.9 Long Blades
 + Level 11.9 Axes
 + Level 11.9 Maces & Flails
 + Level 11.9 Polearms
 + Level 11.9 Staves
 + Level 11.9 Slings
 + Level 11.9 Bows
 + Level 11.9 Crossbows
 + Level 11.9 Throwing
 + Level 11.9 Armour
 + Level 12.6 Dodging
 + Level 12.5 Stealth
 + Level 11.9 Shields
 + Level 11.9 Unarmed Combat
 + Level 12.7 Spellcasting
 + Level 10.2 Conjurations
 + Level 10.2 Hexes
 + Level 10.2 Summonings
 + Level 10.2 Necromancy
 + Level 10.2 Translocations
 + Level 10.2 Transmutations
 + Level 10.2 Fire Magic
 + Level 12.1 Ice Magic
 + Level 10.2 Air Magic
 + Level 10.2 Earth Magic
 + Level 10.2 Poison Magic
 + Level 12.8 Invocations
 + Level 11.9 Evocations


You had 4 spell levels left.
You knew the following spells:

 Your Spells              Type           Power        Failure   Level
a - Freeze                Ice            ####         0%          1
b - Frozen Ramparts       Ice            ######       1%          3
c - Ozocubu's Armour      Ice            #######.     1%          3
d - Hailstorm             Conj/Ice       #######.     1%          4
e - Summon Ice Beast      Ice/Summ       #######.     1%          4
f - Swiftness             Air            ######..     1%          2
g - Bolt of Magma         Conj/Fire/Erth ######....   1%          5
h - Summon Forest         Summ/Tloc      ######....   1%          5
i - Freezing Cloud        Conj/Ice/Air   ######....   4%          6
j - Summon Mana Viper     Hex/Summ       ######..     1%          5

Your spell library contained the following spells:

 Spells                   Type           Power        Failure   Level
 Animate Skeleton         Necr           ######       1%          1
 Foxfire                  Conj/Fire      ####         1%          1
 Magic Dart               Conj           ####         1%          1
 Sandblast                Erth           ######       1%          1
 Shock                    Conj/Air       ####         1%          1
 Summon Small Mammal      Summ           ####         1%          1
 Blink                    Tloc           N/A          1%          2
 Call Imp                 Summ           ######..     1%          2
 Corpse Rot               Necr/Air       N/A          1%          2
 Passwall                 Tmut/Erth      ######..     1%          2
 Searing Ray              Conj           ######       1%          2
 Slow                     Hex            ######..     1%          2
 Sublimation of Blood     Necr           ######....   1%          2
 Call Canine Familiar     Summ           ######..     1%          3
 Confusing Touch          Hex            ######..     1%          3
 Conjure Flame            Conj/Fire      ######..     1%          3
 Dazzling Flash           Conj/Hex       ######       1%          3
 Gell's Gravitas          Tloc           ######....   1%          3
 Inner Flame              Hex/Fire       ######..     1%          3
 Lesser Beckoning         Tloc           ######....   1%          3
 Mephitic Cloud           Conj/Pois/Air  ######..     1%          3
 Static Discharge         Conj/Air       ######..     1%          3
 Stone Arrow              Conj/Erth      ######       1%          3
 Summon Guardian Golem    Hex/Summ       ######..     1%          3
 Animate Dead             Necr           ######....   1%          4
 Dispel Undead            Necr           ######..     1%          4
 Fulminant Prism          Conj/Hex       ######....   1%          4
 Iskenderun's Mystic Bla  Conj/Tloc      ######..     1%          4
 Leda's Liquefaction      Hex/Erth       ######....   1%          4
 Petrify                  Tmut/Erth      ######..     1%          4
 Sticky Flame             Conj/Fire      ######..     1%          4
 Summon Lightning Spire   Summ/Air       ######..     1%          4
 Borgnjor's Vile Clutch   Necr/Erth      ######....   1%          5
 Excruciating Wounds      Necr           ######....   1%          5
 Fireball                 Conj/Fire      ######....   1%          5
 Lee's Rapid Deconstruct  Erth           ######....   1%          5
 Lightning Bolt           Conj/Air       ######....   1%          5
 Metabolic Englaciation   Hex/Ice        #######...   1%          5
 Silence                  Hex/Air        ######....   1%          5
 Yara's Violent Unravell  Hex/Tmut       ######....   1%          5
 Simulacrum               Ice/Necr       #######...   3%          6
 Conjure Ball Lightning   Conj/Air       ######....   5%          6
 Death Channel            Necr           ######....   5%          6
 Dispersal                Tloc           ######....   5%          6
 Eringya's Noxious Bog    Tmut/Pois      ######....   5%          6
 Hydra Form               Tmut           ######....   5%          6
 Iron Shot                Conj/Erth      ######....   5%          6
 Malign Gateway           Summ/Tloc      ######....   30%         7
 Orb of Destruction       Conj           ######....   30%         7
 Summon Greater Demon     Summ           ######....   30%         7
 Summon Hydra             Summ           ######....   30%         7
 Chain Lightning          Conj/Air       ######....   93%         8
 Lehudib's Crystal Spear  Conj/Erth      ######....   93%         8
 Fire Storm               Conj/Fire      ######....   100%        9
 Shatter                  Erth           ######....   100%        9


Dungeon Overview and Level Annotations

Branches:
Dungeon (15/15)            Temple (1/1) D:6            Lair (6/6) D:9
 Shoals (3/4) Lair:2        Snake (4/4) Lair:2        Slime (0/5) Lair:5
    Orc (2/2) D:9             Elf (0/3) Orc:2        Vaults (0/5) D:13
 Depths (0/5) D:15        Volcano (visited)

Altars:
Ashenzari
Cheibriados
Dithmenos
Elyvilon
Gozag
Hepliaklqana
Makhleb
Nemelex Xobeh
Okawaru
Ru
Sif Muna
Trog
Uskayaw
Wu Jian
Xom
Zin
Beogh

Shops:
D:4 }   D:7 (   D:8 (   D:11 }   Orc:1 [   Orc:2 (?}:   Snake:2 [   Snake:3 (
Snake:4 *

Portals:
Trove: D:11 (give +4 shadow dragon scales)

Annotations:
D:3 2 transporters, lunkers's ghost, amateur DsAK
D:4 4 runed translucent doors
D:9 exclusion: orange crystal statue


Innate Abilities, Weirdness & Mutations

Your experience applies equally to all skills.
You have very sharp teeth.
Your uncanny sense of smell can sniff out nearby items.


Message History

The naga ritualist looks frightened!
The naga warrior looks frightened!
You feel sick.
The wall freezes the guardian serpent.
You kill the guardian serpent!
Sif Muna accepts your kill.
The wall freezes the naga sharpshooter!
Your attack snaps the naga sharpshooter out of its fear.
The naga sharpshooter shoots a bolt.
The bolt hits you!!
* * * LOW HITPOINT WARNING * * *
The naga warrior hits you with a +0 scimitar!
* * * LOW HITPOINT WARNING * * *
The naga warrior grabs you.
* * * LOW HITPOINT WARNING * * *
The naga warrior constricts you.
The wall freezes the naga ritualist.
Your attack snaps the naga ritualist out of its fear.
The naga ritualist spits poison at you.
The splash of poison hits you but does no damage.
You resist.
The wall freezes the naga warrior!
Your attack snaps the naga warrior out of its fear.
The naga warrior hits you with a +0 battleaxe!
You die...

(.#....)#()###...#
..#....#))## #...#
..####.#)## #....#
∆ )##..[...#
##....# ...)##.###
#..##.. ..####.#
......# ..# #.#
##''♣## ..# #.#
##..NN#♣ .## ..#
#..NN@.## ## .##
#...##SN§## . #..
##§§§## . ♣#§§§♣#
#♣§$.♣♣ N#N§(.#
♣.N..NN.§.♣#
...♣.♣...§♣##
♣..N♣♣N♣♣..S##


You could see 3 naga warriors, 2 naga sharpshooters, an anaconda (fleeing,
slow), a naga ritualist (catching breath) and a naga (fleeing).

Vanquished Creatures
  A kraken (Shoals:1)
  Polyphemus (Shoals:2)
  Kirke (D:15)
  5 nagarajas
  An orc warlord (Orc:2)
  Azrael (D:15)
  A merfolk javelineer (Shoals:2)
  A fire dragon (D:14)
  A merfolk impaler (Shoals:3)
  2 ogre magi
  7 naga warriors
  A vault guard (D:13)
  4 catoblepae
  A death knight (D:13)
  2 centaur warriors (D:15)
  4 anacondas
  5 two-headed ogres
  A merfolk aquamancer (Shoals:1)
  A queen ant (Lair:2)
  2 satyrs
  An orc high priest (Orc:2)
  7 death yaks
  11 naga sharpshooters
  4 shock serpents
  A sun demon (D:15)
  A salamander mystic (Snake:4)
  6 sea snakes
  An unseen horror (D:15)
  A naga ritualist (Snake:4)
  3 wizards
  A necromancer (D:13)
  A lindwurm (Lair:5)
  3 orc knights
  2 ugly things
  4 manticores
  A manticore (shapeshifter) (D:15)
  3 fauns
  3 orc sorcerers (Orc:2)
  2 salamanders (Snake:1)
  7 cyclopes
  An elephant (Lair:5)
  7 merfolk sirens
  3 guardian serpents
  5 naga magi
  3 centaur zombies
  19 black mambas
  A molten gargoyle (Volcano)
  2 torpor snails
  Joseph (D:10)
  5 water nymphs
  7 cane toads
  A rime drake (Lair:4)
  4 komodo dragons
  An efreet (D:15)
  An ice devil (D:15)
  7 merfolk
  2 meliai (Lair:5)
  3 trolls
  3 hornets
  6 blink frogs
  4 slime creatures
  10 dream sheep
  A centaur simulacrum (D:14)
  A snapping turtle (Shoals:3)
  A redback (shapeshifter) (D:15)
  A wraith (D:14)
  A shadow (D:14)
  6 wyverns
  A water elemental (Shoals:1)
  67 yaks
  2 fire elementals (D:15)
  A hog (D:15)
  18 humans (D:13)
  A basilisk (Lair:3)
  An acid dragon (D:14)
  2 wargs
  17 nagas
  3 hell hounds (D:15)
  4 soldier ants (Lair:2)
  17 water moccasins
  3 black bears
  A hornet zombie (D:14)
  3 sky beasts
  22 orc warriors
  A phantom (D:5)
  An eye of draining (Lair:5)
  A necrophage (D:9)
  6 ogres
  5 wolves
  5 centaurs
  14 bullfrogs
  4 big kobolds
  A gnoll sergeant (D:13)
  2 wyvern zombies
  A wyvern skeleton (D:13)
  4 scorpions
  39 killer bees
  13 wights
  3 electric eels
  2 crimson imps (D:15)
  2 bullfrog zombies
  22 orc priests
  3 bullfrog skeletons
  2 hounds
  7 centaur skeletons
  5 iguanas
  8 orc wizards
  5 hell rats (Lair:2)
  17 worker ants
  A killer bee zombie (D:6)
  2 hound zombies
  A hound skeleton (D:11)
  2 howler monkey zombies
  2 worker ant zombies (D:8)
  A howler monkey skeleton (D:5)
  19 gnolls
  15 adders
  6 shadow imps
  4 white imps
  2 ufetubi
  An adder zombie (D:8)
  An adder skeleton (D:4)
  4 worms
  A dart slug (D:3)
  5 leopard geckos
  85 orcs
  5 ball pythons
  5 giant cockroaches
  10 goblins
  7 hobgoblins
  16 jackals
  26 kobolds
  5 quokkas
  11 bats
  10 frilled lizards
  A jackal skeleton (D:6)
  A jackal zombie (D:3)
  2 leopard gecko skeletons (D:4)
  13 rats
  2 tentacles (Shoals:1)
815 creatures vanquished.

Vanquished Creatures (collateral kills)
  Vashnia (Snake:2)
  Frances (Shoals:2)
  A nagaraja (Snake:4)
  Ilsuiw (Shoals:2)
  The ghost of mif the Severer, a journeyman MiBe of Trog (Snake:1)
  A stone giant (Orc:1)
  A merfolk javelineer (Shoals:2)
  A merfolk impaler (Shoals:1)
  A boulder beetle (D:14)
  5 hydras
  3 anacondas
  A death knight (D:14)
  A centaur warrior (D:13)
  A merfolk aquamancer (Shoals:2)
  A catoblepas (Lair:6)
  9 death yaks
  3 ogre magi (D:14)
  A tengu warrior (D:15)
  2 two-headed ogres (Orc:2)
  3 orc high priests (Orc:2)
  5 naga sharpshooters
  A shock serpent (Snake:1)
  A skeletal warrior (D:13)
  A hell knight (Volcano)
  A glowing orange brain (D:15)
  A wizard (D:14)
  A sea snake (Snake:3)
  A naga ritualist (Snake:1)
  An unseen horror (D:14)
  17 ugly things
  A deep elf mage (D:14)
  An orc knight (Orc:2)
  4 manticores
  An orc sorcerer (Orc:2)
  4 salamanders
  7 fauns
  5 elephants (Lair:5)
  A naga mage (Snake:1)
  8 black mambas
  4 merfolk sirens
  A water nymph (Shoals:2)
  A guardian serpent (Snake:1)
  An eye of devastation (Lair:5)
  A molten gargoyle (Volcano)
  2 centaur skeletons (D:14)
  6 cane toads
  A rime drake (Lair:5)
  3 komodo dragons
  2 kobold demonologists
  2 freezing wraiths (D:13)
  4 trolls
  A meliai (Lair:5)
  13 merfolk
  2 polar bears
  A queen bee (Lair:5)
  A wind drake (Shoals:1)
  A hornet (shapeshifter) (D:15)
  5 blink frogs
  13 slime creatures
  3 snapping turtles
  6 dream sheep (Lair:6)
  A meliai zombie (D:12)
  26 yaks
  A wyvern (D:11)
  3 water elementals
  2 wraiths
  2 fire bats (Volcano)
  3 hogs (D:15)
  4 humans (D:13)
  7 basilisks
  A steam dragon (Lair:5)
  2 wargs (Orc:2)
  An acid dragon (D:11)
  2 soldier ants (Lair:2)
  3 water moccasins
  7 nagas
  21 orc warriors
  2 necrophages (D:11)
  An eye of draining (D:14)
  3 ice beasts
  8 ogres
  A sky beast (D:11)
  7 wolves
  11 centaurs
  A big kobold (D:14)
  A bullfrog (D:9)
  A gnoll sergeant (D:7)
  11 killer bees
  A wight (D:11)
  2 crimson imps (D:15)
  A bullfrog zombie (D:11)
  6 lava snakes (Volcano)
  A jelly (D:13)
  16 orc priests
  10 orc wizards
  An iguana (D:11)
  A hell rat (Lair:2)
  9 worker ants
  A hound skeleton (D:9)
  3 gnolls (Orc:1)
  2 adders
  4 white imps (D:15)
  54 orcs
  3 kobolds (D:14)
423 creatures vanquished.

Vanquished Creatures (others)
  A water elemental (Shoals:2)
  A human (D:15)
  A basilisk (Lair:5)
  A killer bee (Lair:5)
  42 fungi
  93 plants
  10 snaplasher vines
  17 tentacles (Shoals:1)
166 creatures vanquished.

Grand Total: 1404 creatures vanquished

Notes
Turn   | Place    | Note
-------+----------+-------------------------------------------
     0 | D:1      | robertstho the Gnoll Ice Elementalist began the quest for
                  | the Orb.
     0 | D:1      | Reached XP level 1. HP: 13/13 MP: 6/6
   218 | D:1      | Reached XP level 2. HP: 17/19 MP: 7/7
   993 | D:1      | Reached XP level 3. HP: 16/25 MP: 9/9
  1108 | D:1      | Reached skill level 5 in Spellcasting
  1402 | D:2      | Reached skill level 1 in Invocations
  1514 | D:2      | Reached skill level 1 in Fighting
  1514 | D:2      | Reached skill level 1 in Short Blades
  1514 | D:2      | Reached skill level 1 in Long Blades
  1514 | D:2      | Reached skill level 1 in Axes
  1514 | D:2      | Reached skill level 1 in Maces & Flails
  1514 | D:2      | Reached skill level 1 in Polearms
  1514 | D:2      | Reached skill level 1 in Staves
  1514 | D:2      | Reached skill level 1 in Slings
  1514 | D:2      | Reached skill level 1 in Bows
  1514 | D:2      | Reached skill level 1 in Crossbows
  1514 | D:2      | Reached skill level 1 in Throwing
  1514 | D:2      | Reached skill level 1 in Armour
  1514 | D:2      | Reached skill level 1 in Shields
  1514 | D:2      | Reached skill level 1 in Unarmed Combat
  1514 | D:2      | Reached skill level 1 in Evocations
  1617 | D:2      | Reached XP level 4. HP: 32/32 MP: 11/11
  1670 | D:2      | Found an ornate altar of the Wu Jian Council.
  1948 | D:3      | Learned a level 3 spell: Frozen Ramparts
  1952 | D:3      | Learned a level 3 spell: Ozocubu's Armour
  1957 | D:3      | Learned a level 4 spell: Hailstorm
  2000 | D:3      | Reached skill level 1 in Conjurations
  2000 | D:3      | Reached skill level 1 in Hexes
  2000 | D:3      | Reached skill level 1 in Summonings
  2000 | D:3      | Reached skill level 1 in Necromancy
  2000 | D:3      | Reached skill level 1 in Translocations
  2000 | D:3      | Reached skill level 1 in Transmutations
  2000 | D:3      | Reached skill level 1 in Fire Magic
  2000 | D:3      | Reached skill level 1 in Air Magic
  2000 | D:3      | Reached skill level 1 in Earth Magic
  2000 | D:3      | Reached skill level 1 in Poison Magic
  2034 | D:3      | Found the +11 plutonium sword {*Contam Stlth-}
  2046 | D:3      | Reached XP level 5. HP: 37/37 MP: 6/12
  2507 | D:3      | Noticed an ogre
  2518 | D:3      | Noticed lunkers's ghost (amateur DsAK)
  2528 | D:3      | Found a transporter.
  2529 | D:3      | Found a transporter.
  2780 | D:4      | Reached XP level 6. HP: 44/44 MP: 9/13
  2858 | D:4      | Found a large runed translucent door.
  2858 | D:4      | Found a large runed translucent door.
  2882 | D:4      | Reached skill level 5 in Dodging
  3315 | D:4      | Found a large runed translucent door.
  3315 | D:4      | Found a large runed translucent door.
  3358 | D:4      | Reached XP level 7. HP: 34/50 MP: 9/15
  3786 | D:4      | Found Luofeada's Gadget Emporium.
  3856 | D:5      | Entered Level 5 of the Dungeon
  3876 | D:5      | Learned a level 4 spell: Summon Ice Beast
  3881 | D:5      | Reached skill level 5 in Stealth
  4112 | D:5      | Reached XP level 8. HP: 47/57 MP: 12/16
  5761 | D:6      | Reached XP level 9. HP: 64/65 MP: 18/18
  5770 | D:6      | Found a staircase to the Ecumenical Temple.
  5779 | Temple   | Entered the Ecumenical Temple
  5871 | Temple   | Became a worshipper of Sif Muna the Loreminder
  6025 | D:7      | Got an opalescent robe
  6035 | D:7      | Identified the cursed +0 robe "Affudghe" {*Contam rF+ rN+}
                  | (You found it on level 7 of the Dungeon)
  6491 | D:7      | Found Tysuz's Antique Weapon Shop.
  6569 | D:7      | Reached * piety under Sif Muna
  7448 | D:8      | Found Lemo's Antique Weapon Shop.
  7517 | D:8      | You fall into a shaft and drop 1 floor!
  7517 | D:9      | Found a staircase to the Lair.
  7535 | D:9      | Reached skill level 5 in Invocations
  7596 | D:9      | Reached XP level 10. HP: 52/73 MP: 15/20
  7620 | D:9      | Reached skill level 5 in Fighting
  7620 | D:9      | Reached skill level 5 in Short Blades
  7620 | D:9      | Reached skill level 5 in Long Blades
  7620 | D:9      | Reached skill level 5 in Axes
  7620 | D:9      | Reached skill level 5 in Maces & Flails
  7620 | D:9      | Reached skill level 5 in Polearms
  7620 | D:9      | Reached skill level 5 in Staves
  7620 | D:9      | Reached skill level 5 in Slings
  7620 | D:9      | Reached skill level 5 in Bows
  7620 | D:9      | Reached skill level 5 in Crossbows
  7620 | D:9      | Reached skill level 5 in Throwing
  7620 | D:9      | Reached skill level 5 in Armour
  7620 | D:9      | Reached skill level 5 in Shields
  7620 | D:9      | Reached skill level 5 in Unarmed Combat
  7620 | D:9      | Reached skill level 5 in Evocations
  7620 | D:9      | Reached ** piety under Sif Muna
  7739 | D:9      | Found a staircase to the Orcish Mines.
  8005 | D:9      | Noticed an orange crystal statue
  9480 | D:10     | Entered Level 10 of the Dungeon
  9664 | D:10     | Reached *** piety under Sif Muna
  9755 | D:10     | Reached XP level 11. HP: 70/81 MP: 15/22
  9877 | D:10     | Noticed Joseph
  9883 | D:10     | Killed Joseph
 10627 | D:10     | Reached skill level 5 in Conjurations
 10627 | D:10     | Reached skill level 5 in Hexes
 10627 | D:10     | Reached skill level 5 in Summonings
 10627 | D:10     | Reached skill level 5 in Necromancy
 10627 | D:10     | Reached skill level 5 in Translocations
 10627 | D:10     | Reached skill level 5 in Transmutations
 10627 | D:10     | Reached skill level 5 in Fire Magic
 10627 | D:10     | Reached skill level 5 in Air Magic
 10627 | D:10     | Reached skill level 5 in Earth Magic
 10627 | D:10     | Reached skill level 5 in Poison Magic
 10761 | D:11     | Reached **** piety under Sif Muna
 11009 | D:11     | Noticed a purple ugly thing
 11018 | D:11     | Noticed a white ugly thing
 11031 | D:11     | Killed a cyan ugly thing
 11036 | D:11     | Killed a cyan ugly thing
 11554 | D:11     | Found a portal to a secret trove of treasure.
 11657 | D:11     | Found Sidacsen's Gadget Boutique.
 12269 | D:11     | Learned a level 5 spell: Borgnjor's Vile Clutch
 13510 | D:12     | Reached ***** piety under Sif Muna
 13819 | Lair:1   | Entered Level 1 of the Lair of Beasts
 13914 | Lair:1   | Identified Luekloss's Tome of Toxic Combat Magic (Sif Muna
                  | gifted it to you on level 1 of the Lair of Beasts)
 13914 | Lair:1   | Received a gift from Sif Muna
 13918 | Lair:1   | Reached XP level 12. HP: 89/89 MP: 19/24
 13960 | Lair:1   | Found a dark tunnel.
 13973 | Volcano  | Entered a volcano
 14884 | Volcano  | Found a radiant altar of Vehumet.
 14884 | Volcano  | Noticed a two-headed ogre
 14884 | Volcano  | Noticed a two-headed ogre
 14884 | Volcano  | Noticed an ogre mage
 14884 | Volcano  | Noticed a two-headed ogre
 14890 | Volcano  | Killed a two-headed ogre
 14896 | Volcano  | Killed a two-headed ogre
 14900 | Volcano  | Killed a two-headed ogre
 14902 | Volcano  | Killed an ogre mage
 15125 | Volcano  | Got a pair of distressingly furry boots
 15135 | Volcano  | Identified the +2 pair of boots of the Elven Halls {rElec
                  | Str-4 Int+8} (You found it in a volcano)
 15203 | Volcano  | Noticed a two-headed ogre
 15211 | Volcano  | Killed a two-headed ogre
 15826 | Lair:1   | You fall into a shaft and drop 1 floor!
 15826 | Lair:2   | Found a staircase to the Snake Pit.
 15836 | Lair:2   | Noticed an eight-headed hydra
 15844 | Lair:2   | Killed an eight-headed hydra
 16349 | Lair:2   | Noticed a queen ant
 16369 | Lair:2   | Killed a queen ant
 16898 | Lair:2   | Found a staircase to the Shoals.
 17194 | Lair:3   | Reached XP level 13. HP: 98/98 MP: 20/26
 17300 | Lair:3   | Identified Sif Muna's Disquisition on the Rocks and
                  | Companions (Sif Muna gifted it to you on level 3 of the
                  | Lair of Beasts)
 17300 | Lair:3   | Received a gift from Sif Muna
 18402 | Lair:3   | Learned a level 5 spell: Bolt of Magma
 19758 | Lair:5   | Found a staircase to the Slime Pits.
 20094 | Lair:5   | Reached skill level 10 in Ice Magic
 21118 | Lair:5   | Identified Sif Muna's Catalogue of the Twisted Rocks (Sif
                  | Muna gifted it to you on level 5 of the Lair of Beasts)
 21118 | Lair:5   | Received a gift from Sif Muna
 21313 | Lair:5   | Reached skill level 10 in Spellcasting
 21929 | Lair:5   | Reached XP level 14. HP: 106/106 MP: 28/28
 22278 | Lair:5   | Reached skill level 10 in Dodging
 22839 | Lair:6   | Entered Level 6 of the Lair of Beasts
 23291 | Lair:6   | Reached skill level 10 in Stealth
 23515 | Lair:6   | Received a gift from Sif Muna
 23721 | Lair:6   | Reached skill level 10 in Invocations
 25026 | Lair:6   | Learned a level 5 spell: Summon Forest
 26014 | Orc:1    | Entered Level 1 of the Orcish Mines
 26014 | Orc:1    | Noticed a stone giant
 26022 | Orc:1    | Killed a stone giant
 26135 | Orc:1    | Found Daify's Antique Armour Boutique.
 26218 | Orc:1    | Bought an embroidered hat for 238 gold pieces
 26558 | Orc:2    | Entered Level 2 of the Orcish Mines
 26560 | Orc:2    | Received a gift from Sif Muna
 27625 | Orc:2    | Found Ewisk's Book Boutique.
 27640 | Orc:2    | Found a roughly hewn altar of Beogh.
 27782 | Orc:2    | Reached XP level 15. HP: 115/115 MP: 25/29
 27873 | Orc:2    | Found Doih's Gadget Shop.
 28311 | Orc:2    | Found a staircase to the Elven Halls.
 28830 | Orc:2    | Identified Ycedutti's Almanac of the Oath and Battle Magic
                  | (Sif Muna gifted it to you on level 2 of the Orcish Mines)
 28830 | Orc:2    | Received a gift from Sif Muna
 28870 | Orc:2    | Noticed an orc warlord
 28908 | Orc:2    | Killed an orc warlord
 29393 | Orc:2    | Found a roughly hewn altar of Beogh.
 29658 | Orc:2    | Found Tiluopru's Antique Weapon Boutique.
 29803 | Orc:2    | Found Paxkiuri's Magic Scroll Shoppe.
 29812 | Orc:2    | Bought a scroll of fear for 42 gold pieces
 29812 | Orc:2    | Bought a scroll of identify for 24 gold pieces
 29812 | Orc:2    | Bought a scroll of identify for 24 gold pieces
 29812 | Orc:2    | Bought a scroll of torment for 90 gold pieces
 29812 | Orc:2    | Bought a scroll of identify for 24 gold pieces
 29812 | Orc:2    | Bought a scroll of identify for 24 gold pieces
 29812 | Orc:2    | Identified 3 scrolls of acquirement
 30080 | Orc:2    | Acquired the ring of Intercession {+Blink rF+ Str+6 Dex+4}
 30082 | Orc:2    | Acquired 522 gold pieces
 30084 | Orc:2    | Acquired the +9 hand crossbow of Cithro Hoock {flame, rPois
                  | rC+ Int-2}
 31852 | D:13     | Reached skill level 10 in Fighting
 31852 | D:13     | Reached skill level 10 in Short Blades
 31852 | D:13     | Reached skill level 10 in Long Blades
 31852 | D:13     | Reached skill level 10 in Axes
 31852 | D:13     | Reached skill level 10 in Maces & Flails
 31852 | D:13     | Reached skill level 10 in Polearms
 31852 | D:13     | Reached skill level 10 in Staves
 31852 | D:13     | Reached skill level 10 in Slings
 31852 | D:13     | Reached skill level 10 in Bows
 31852 | D:13     | Reached skill level 10 in Crossbows
 31852 | D:13     | Reached skill level 10 in Throwing
 31852 | D:13     | Reached skill level 10 in Armour
 31852 | D:13     | Reached skill level 10 in Shields
 31852 | D:13     | Reached skill level 10 in Unarmed Combat
 31852 | D:13     | Reached skill level 10 in Evocations
 32238 | D:13     | Got a translucent amber ring
 32240 | D:13     | Identified the ring of Helinoch {rF+ Str+3 Slay+3} (You
                  | found it on level 13 of the Dungeon)
 33183 | D:13     | Identified Wiuriyqi's Catalogue of Arcane Weapons (Sif Muna
                  | gifted it to you on level 13 of the Dungeon)
 33183 | D:13     | Received a gift from Sif Muna
 33198 | D:13     | Found a gate to the Vaults.
 34046 | D:14     | Found the +12 glaive of Prune {vorpal}
 34789 | D:15     | Entered Level 15 of the Dungeon
 34890 | D:15     | Identified Sif Muna's Compendium of Weightlessness (Sif
                  | Muna gifted it to you on level 15 of the Dungeon)
 34890 | D:15     | Received a gift from Sif Muna
 35212 | D:15     | Found a staircase to the Depths.
 35277 | D:15     | Noticed Kirke
 35281 | D:15     | Noticed a sphinx
 35306 | D:15     | Killed Kirke
 35306 | D:15     | Reached XP level 16. HP: 123/123 MP: 8/31
 36125 | D:15     | Found an iron altar of Okawaru.
 36633 | D:15     | Noticed Azrael
 36644 | D:15     | Killed Azrael
 37281 | Shoals:1 | Entered Level 1 of the Shoals
 37299 | Shoals:1 | Identified Iceescha's Reference Book on the Ashen Voyage
                  | (Sif Muna gifted it to you on level 1 of the Shoals)
 37299 | Shoals:1 | Received a gift from Sif Muna
 38124 | Shoals:1 | Learned a level 6 spell: Freezing Cloud
 38128 | Shoals:1 | Learned a level 2 spell: Swiftness
 38134 | Shoals:1 | Learned a level 5 spell: Summon Mana Viper
 38721 | Shoals:1 | Noticed a kraken
 39976 | Shoals:1 | Killed a kraken
 40350 | Shoals:2 | Noticed Polyphemus
 40367 | Shoals:2 | Killed Polyphemus
 40731 | Shoals:2 | Noticed Frances
 40752 | Shoals:2 | Killed Frances
 41516 | Shoals:2 | Noticed Ilsuiw
 41558 | Shoals:2 | Killed Ilsuiw
 43131 | Shoals:3 | Reached XP level 17. HP: 45/131 MP: 7/33
 44161 | Snake:1  | Entered Level 1 of the Snake Pit
 44384 | Snake:1  | Found a runed translucent door.
 44386 | Snake:1  | Noticed mif's ghost (journeyman MiBe)
 44429 | Snake:1  | Killed mif's ghost
 44957 | Snake:1  | HP: 5/131 [naga sharpshooter/arrow (15)]
 46371 | Snake:1  | Identified Fyqao's Handbook of Heat and Earth
 46803 | Snake:2  | Acquired 432 gold pieces
 47199 | Snake:2  | Noticed Vashnia
 48115 | Snake:2  | Killed Vashnia
 48684 | Snake:2  | Found Ycisi's Armour Emporium.
 49795 | Snake:3  | Found Soosm's Antique Weapon Boutique.
 50857 | Snake:3  | Reached skill level 10 in Conjurations
 50857 | Snake:3  | Reached skill level 10 in Hexes
 50857 | Snake:3  | Reached skill level 10 in Summonings
 50857 | Snake:3  | Reached skill level 10 in Necromancy
 50857 | Snake:3  | Reached skill level 10 in Translocations
 50857 | Snake:3  | Reached skill level 10 in Transmutations
 50857 | Snake:3  | Reached skill level 10 in Fire Magic
 50857 | Snake:3  | Reached skill level 10 in Air Magic
 50857 | Snake:3  | Reached skill level 10 in Earth Magic
 50857 | Snake:3  | Reached skill level 10 in Poison Magic
 51457 | Snake:4  | Entered Level 4 of the Snake Pit
 51460 | Snake:4  | Found Keziff's Assorted Antiques.
 52252 | Snake:4  | Reached XP level 18. HP: 101/140 MP: 26/34
 52687 | Snake:4  | HP: 6/140 [naga warrior/+0 scimitar (10)]
 52687 | Snake:4  | Mangled by a naga warrior

Illustrated notes

Levels and vault maps discovered:
D:1:      doesnt_arrival_eight_statues, layout_basic,
          chequers_serial_rivers_micro_a, minmay_octomino_e4
D:2:      layout_rooms, lemuel_coloured_pillars_altar
D:3:      layout_basic, gammafunk_ghost_smash, minmay_checkerbox
D:4:      layout_basic, serial_shops, kennysheep_mini,
          minmay_hollow_rounded_squares
D:5:      layout_basic, eino_curves_02, minivault_4, serial_bayou_ford_a,
          minmay_fractal_squares_diagonal_5
D:6:      layout_loops_ring, temple_hall, kennysheep_generic_room_2
D:7:      layout_basic, serial_shops, shop, corexii_mini_fake_secret_closet
D:8:      layout_basic, serial_shops, shop
D:9:      wander_river, layout_basic, minmay_lair_entry_grove, david_orc_2,
          minivault_16
D:10:     layout_loops_corners, special_room [special_room_orc], uniq_joseph
D:11:     layout_big_octagon, nicolae_trove_entry_diagonal, serial_shops, shop,
          centaur_isle
D:12:     layout_basic, minmay_misc_feat_x
D:13:     layout_stronghold, grunt_vaults_entry_tiered,
          portal_ice_cave_entry_pillars_1, kennysheep_generic_room_12
D:14:     layout_basic, minmay_crystal_room, minmay_guarded_unrand_prune
D:15:     gammafunk_enter_depths_forms, layout_basic, kennysheep_flooded_box,
          minmay_fire_ice_demons, uniq_kirke, uniq_azrael
Temple:   kilobyte_greek_temple
Lair:1:   layout_chaotic_city, enter_volcano_1, grunt_megastairs_4
Lair:2:   layout_gridlike, minmay_shoals_entry_lonely_mermaid,
          dummy_snake_entry, nicolae_quartered_pool_super,
          minmay_another_anthill
Lair:3:   layout_roguey, grunt_megastairs_5
Lair:4:   layout_regular_city, chequers_serial_rivers_marsh, grunt_megastairs_2
Lair:5:   regret_index_combs_of_tragedy, layout_regular_city,
          minmay_slime_entry_eyes
Lair:6:   evilmike_catoblepas_cave, layout_cave_pods
Shoals:1: cheibrodos_shoals_oceanic_diplomacy, layout_shoals,
          nicolae_shoals_arrival_archipelago
Shoals:2: layout_shoals, uniq_polyphemus, uniq_ilsuiw, uniq_frances
Shoals:3: layout_shoals, ebering_ghost_xom
Snake:1:  layout_cave_shapes, ebering_ghost_reflecting_pool, st_stairs_6,
          hangedman_snake_pattern
Snake:2:  layout_cave_town, serial_shops, shop, uniq_vashnia
Snake:3:  layout_cave_pods, serial_shops, shop, nicolae_snake_springs,
          serial_bayou_shore_a, lemuel_fruit_tree
Snake:4:  johnstein_snake_rune_scales, layout_misc_corridors, serial_shops,
          shop_statue, special_room
Orc:1:    layout_caves, serial_shops, nicolae_shop_competitors_out_of_business
Orc:2:    pubby_orc_utopia

Skill      XL: |  1  2  3  4  5  6  7  8  9 10 11 12 13 14 15 16 17 |
---------------+----------------------------------------------------+-----
Spellcasting   | 5 6 7 8 9 10 11 12 | 12.7
Invocations    | 1 2 3 4 5 6 7 8 9 10 11 12 | 12.8
Fighting       | 1 2 3 4 5 6 7 8 9 10 11 | 11.9
Short Blades   | 1 2 3 4 5 6 7 8 9 10 11 | 11.9
Long Blades    | 1 2 3 4 5 6 7 8 9 10 11 | 11.9
Axes           | 1 2 3 4 5 6 7 8 9 10 11 | 11.9
Maces & Flails | 1 2 3 4 5 6 7 8 9 10 11 | 11.9
Polearms       | 1 2 3 4 5 6 7 8 9 10 11 | 11.9
Staves         | 1 2 3 4 5 6 7 8 9 10 11 | 11.9
Slings         | 1 2 3 4 5 6 7 8 9 10 11 | 11.9
Bows           | 1 2 3 4 5 6 7 8 9 10 11 | 11.9
Crossbows      | 1 2 3 4 5 6 7 8 9 10 11 | 11.9
Throwing       | 1 2 3 4 5 6 7 8 9 10 11 | 11.9
Armour         | 1 2 3 4 5 6 7 8 9 10 11 | 11.9
Shields        | 1 2 3 4 5 6 7 8 9 10 11 | 11.9
Unarmed Combat | 1 2 3 4 5 6 7 8 9 10 11 | 11.9
Evocations     | 1 2 3 4 5 6 7 8 9 10 11 | 11.9
Conjurations   | 1 2 3 4 5 6 7 8 9 10 | 10.2
Hexes          | 1 2 3 4 5 6 7 8 9 10 | 10.2
Summonings     | 1 2 3 4 5 6 7 8 9 10 | 10.2
Necromancy     | 1 2 3 4 5 6 7 8 9 10 | 10.2
Translocations | 1 2 3 4 5 6 7 8 9 10 | 10.2
Transmutations | 1 2 3 4 5 6 7 8 9 10 | 10.2
Fire Magic     | 1 2 3 4 5 6 7 8 9 10 | 10.2
Air Magic      | 1 2 3 4 5 6 7 8 9 10 | 10.2
Earth Magic    | 1 2 3 4 5 6 7 8 9 10 | 10.2
Poison Magic   | 1 2 3 4 5 6 7 8 9 10 | 10.2
Dodging        | 5 6 7 8 9 10 11 12 | 12.6
Stealth        | 5 6 7 8 9 10 11 12 | 12.5
Ice Magic      | 8 9 10 11 12 | 12.1

Action                   |  1- 3 |  4- 6 |  7- 9 | 10-12 | 13-15 | 16-18 || total
-------------------------+-------+-------+-------+-------+-------+-------++-------
Melee: Hand axe          |    56 |       |       |       |       |       ||    56
       Bite              |     8 |     7 |    19 |    33 |    32 |    10 ||   109
       Unarmed           |     2 |       |       |       |       |       ||     2
       Long sword        |    35 |    89 |   140 |   220 |       |       ||   484
       Punch             |       |     1 |     2 |     7 |       |       ||    10
       Executioner's axe |       |       |       |    30 |   309 |       ||   339
       Glaive            |       |       |       |       |     4 |   186 ||   190
 Fire: Hand crossbow     |       |       |       |       |    72 |    54 ||   126
 Cast: Freeze            |     8 |       |       |       |       |     2 ||    10
       Frozen Ramparts   |       |    25 |    40 |    73 |   139 |    52 ||   329
       Summon Ice Beast  |       |       |    10 |   133 |   303 |   217 ||   663
       Borgnjor's Vile C |       |       |       |     4 |     1 |       ||     5
       Bolt of Magma     |       |       |       |       |     8 |    14 ||    22
       Summon Forest     |       |       |       |       |    24 |    18 ||    42
       Freezing Cloud    |       |       |       |       |       |   151 ||   151
       Summon Mana Viper |       |       |       |       |       |    30 ||    30
Invok: Channel Magic     |       |       |     1 |     2 |     8 |    23 ||    34
       Forget Spell      |       |       |       |       |       |     1 ||     1
 Abil: Evoke Flight      |       |       |       |     1 |       |       ||     1
Evoke: Wand              |       |       |       |       |     1 |     3 ||     4
  Use: Scroll            |       |       |    12 |    11 |    18 |    10 ||    51
       Potion            |       |       |       |     1 |     1 |     9 ||    11
 Stab: Sleeping          |     8 |     8 |     6 |    10 |     7 |     7 ||    46
       Distracted        |       |       |     1 |     3 |     6 |     6 ||    16
Armor: Robe              |    26 |    28 |    41 |    35 |    75 |    56 ||   261
Dodge: Dodged            |    91 |    85 |   151 |   239 |   473 |   313 ||  1352
Block: Other             |       |       |    11 |    81 |   119 |    87 ||   298
       Reflection        |       |       |     1 |     9 |     7 |    23 ||    40
       Rpst.: Long sword |    10 |    27 |    42 |    54 |       |       ||   133

Table legend: (Time is in decaauts)
 A = Elapsed time spent in this place.
 B = Non-inter-level travel time spent in this place.
 C = Inter-level travel time spent in this place.
 D = Time resting spent in this place.
 E = Time spent auto-exploring this place.
 F = Levels seen in this place.
 G = Mean time per level.
                   A        B        C        D        E       F      G
               +--------+--------+--------+--------+--------+-----+--------+
         Total |  53314 |  50791 |   2523 |   9305 |  32496 |  32 | 1666.1 |
       Dungeon |  20751 |  19102 |   1649 |    933 |  14237 |  15 | 1383.4 |
        Temple |    124 |     92 |     32 |      0 |     89 |   1 |  124.0 |
          Lair |  11332 |  10945 |    387 |   1895 |   7201 |   6 | 1888.7 |
        Shoals |   7038 |   6867 |    171 |   3114 |   2936 |   3 | 2346.0 |
     Snake Pit |   8175 |   8041 |    134 |   2304 |   4571 |   4 | 2043.8 |
  Orcish Mines |   4327 |   4179 |    148 |    960 |   2312 |   2 | 2163.5 |
       Volcano |   1564 |   1564 |      0 |     99 |   1149 |   1 | 1564.0 |
               +--------+--------+--------+--------+--------+-----+--------+

Top non-repeatable levels by time:
Shoals:2: 3885 daAuts
   Orc:2: 3749 daAuts
  Lair:5: 3184 daAuts
  Lair:6: 3132 daAuts
Shoals:1: 2982 daAuts
    D:13: 2532 daAuts
 Snake:1: 2364 daAuts
 Snake:3: 2328 daAuts
    D:15: 2310 daAuts
 Snake:2: 2250 daAuts
  Lair:2: 1847 daAuts
    D:11: 1742 daAuts
     D:9: 1658 daAuts
    D:12: 1631 daAuts
 Volcano: 1564 daAuts
